 Dungeon Crawl Stone Soup version 0.28-a0-793-g31680bbd8b (webtiles) character file.

Game seed: 12785340566360684327

8 ytrimaz the Shield-Bearer (level 2, 21/21 HPs)
             Began as an Octopode Fighter on Nov 3, 2021.
             Was a Follower of Fedhas.
             Quit the game on level 1 of the Dungeon.
             The game lasted 00:01:21 (465 turns).

ytrimaz the Shield-Bearer (Octopode Fighter)         Turns: 465, Time: 00:01:22

Health: 21/21      AC:  1    Str: 15    XL:     2   Next: 8%
Magic:  2/2        EV: 13    Int: 10    God:    Fedhas [*.....]
Gold:   9          SH:  4    Dex: 11    Spells: 1/1 levels left

rFire   . . .      SeeInvis .   a - +0 rapier
rCold   . . .      Faith    .   b - +0 buckler
rNeg    . . .      Spirit   .   (helmet restricted)
rPois   .          Reflect  .   (no amulet)
rElec   .          Harm     .   (no ring)
rCorr   .          Rampage  .   (no ring)
Will    .....                   (no ring)
Stlth   ++........              (no ring)
HPRegen 0.07/turn               (no ring)
MPRegen 0.08/turn               (no ring)
                                (no ring)
                                (no ring)

@: no status effects
A: almost no armour, amphibious, 8 rings, camouflage 1, gelatinous body 1,
(nimble swimmer 1), tentacles
a: Renounce Religion


You were on level 1 of the Dungeon.
You worshipped Fedhas.
Fedhas was aware of your devotion.
You visited 1 branch of the dungeon, and saw 1 of its levels.

You collected 9 gold pieces.

Inventory:

Hand Weapons
 a - a +0 rapier (weapon)
Armour
 b - a +0 buckler (worn)
Scrolls
 e - a scroll of magic mapping {unknown}
Potions
 c - a potion of might
 d - a potion of resistance {unknown}


   Skills:
 + Level 3.1 Fighting
 * Level 2.1 Short Blades
 + Level 3.1 Dodging
 * Level 0.8 Stealth
 + Level 3.1 Shields


You had one spell level left.
You didn't know any spells.
Your spell library was empty.

Dungeon Overview and Level Annotations

Branches:
Dungeon (1/15)

Altars:
Fedhas


Innate Abilities, Weirdness & Mutations

You cannot wear most types of armour.
You are amphibious.
You can wear up to eight rings at the same time.
Your skin changes colour to match your surroundings (Stealth+).
Your rubbery body absorbs attacks. (AC +1, EV +1)
((You are camouflaged near water. (Stealth+)))
You have tentacles for arms and can constrict up to eight enemies at once.


Message History

You open the door.
An endoplasm comes into view.
Found a faded altar of an unknown god.
No reachable target in view!
No reachable target in view!
No reachable target in view!
No reachable target in view!
No reachable target in view!
An endoplasm is nearby!
An endoplasm is nearby!
There is an open door here.
The endoplasm freezes you.
You are frozen.
You hit the endoplasm.
You kill the endoplasm!
There is a faded altar of an unknown god here.
You cannot tell which god this altar belongs to.
Convert to them anyway?
Fedhas accepts your prayer! Fedhas welcomes you!
The plants of the dungeon cease their hostilities.
Are you sure you want to abandon this character and quit the game? (Confirm with "yes".)
Okay, then.
There is an open door here.
You wriggle carefully through the plants.
You wriggle carefully through the plants.
Press: ? - help, v - describe, . - travel The floor.
No target in view!
You wriggle carefully through the plants.
Really attack the non-hostile demonic plant?
You hit the demonic plant.
The demonic plant begins to die.
You grab the demonic plant.
The demonic plant is lightly damaged.
You constrict the demonic plant.
You release your grip on the demonic plant.
A nearby demonic plant withers and dies.
Are you sure you want to abandon this character and quit the game? (Confirm with "yes".)
Okay, then.
Unknown command.
Are you sure you want to abandon this character and quit the game? (Confirm with "yes".)

....#.#...##.#.###_###
###.#.##.###...#8...8#
.........# #...#.###.#
......######.#.#.#5#.#..
..........##.#.#.###.#.#
.....####.##.#.#8...8#.#
.....####.##.#.###'###.#
#.#.......##.#.....P...#
#.#..####.......@......#
# #..####.............##
#.#..#.............#..#
#.#.†..#######.###.#..#
#......#######.#
#.#..######
###............#
#.#.......#
##..##########
#.#[#####.# #..######
#.#.# #.[.....## #.#.###


There were no monsters in sight!

Vanquished Creatures
  2 ball pythons (D:1)
  3 endoplasms (D:1)
  A quokka (D:1)
  A bat (D:1)
7 creatures vanquished.

Vanquished Creatures (others)
  A demonic plant (D:1)
1 creature vanquished.

Grand Total: 8 creatures vanquished

Notes
Turn   | Place    | Note
-------+----------+-------------------------------------------
     0 | D:1      | ytrimaz the Octopode Fighter began the quest for the Orb.
     0 | D:1      | Reached XP level 1. HP: 16/16 MP: 1/1
   405 | D:1      | Reached XP level 2. HP: 21/21 MP: 2/2
   434 | D:1      | Found a faded altar of an unknown god.
   445 | D:1      | Prayed at the altar of an unknown god.
   445 | D:1      | Became a worshipper of Fedhas Madash
   445 | D:1      | Reached * piety under Fedhas
   465 | D:1      | Quit the game

Illustrated notes

Levels and vault maps discovered:
D:1:      kennysheep_arrival_seaside, layout_loops_ring,
          dreamdust_ecumenical_altar_sealed_demon

Action                   || total
-------------------------++-------
Melee: Rapier            ||    13
       Tentacles         ||     4
       Constrict         ||     2
 Stab: Sleeping          ||     1
Armor: Skin              ||     2
Dodge: Dodged            ||     8
Block: Buckler           ||     2

Table legend: (Time is in decaauts)
 A = Elapsed time spent in this place.
 B = Non-inter-level travel time spent in this place.
 C = Inter-level travel time spent in this place.
 D = Time resting spent in this place.
 E = Time spent auto-exploring this place.
 F = Levels seen in this place.
 G = Mean time per level.
                   A        B        C        D        E       F      G
               +--------+--------+--------+--------+--------+-----+--------+
         Total |    468 |    468 |      0 |      0 |    386 |   1 |  468.0 |
       Dungeon |    468 |    468 |      0 |      0 |    386 |   1 |  468.0 |
               +--------+--------+--------+--------+--------+-----+--------+

Top non-repeatable levels by time:
     D:1: 468 daAuts
